 Dungeon Crawl Stone Soup version 0.30-a0-34-gbe8da3892a (webtiles) character file.

Game seed: 16602825004463262498

333 frimble the Insei (level 6, -2/46 HPs)
             Began as a Demonspawn Air Elementalist on Aug 27, 2022.
             Slain by a white imp (4 damage)
             ... on level 5 of the Dungeon.
             The game lasted 00:06:26 (4645 turns).

frimble the Insei (Demonspawn Air Elementalist)     Turns: 4645, Time: 00:06:27

Health: -2/46      AC: -6    Str: 10    XL:     6   Next: 27%
Magic:  9/9        EV: 12    Int: 22    God:
Gold:   148        SH:  0    Dex: 14    Spells: 8/9 levels left

rFire   . . .      SeeInvis .      - Unarmed
rCold   . . .      Faith    .    (no shield)
rNeg    . . .      Spirit   .    a - +0 robe
rPois   .          Reflect  .    (helmet restricted)
rElec   .          Harm     .    (no cloak)
rCorr   .          Rampage  .    (no gloves)
Will    .....                    (no boots)
Stlth   ++........               g - amulet of regeneration
HPRegen 0.95/turn                h - +6 ring of intelligence
MPRegen 0.11/turn                (no ring)

@: corroded
A: claws 1, horns 1
a: no special abilities


You were on level 5 of the Dungeon.
You visited 1 branch of the dungeon, and saw 5 of its levels.

You collected 148 gold pieces.

Inventory:

Armour
 a - a +0 robe (worn)
Jewellery
 g - an amulet of regeneration (around neck)
 h - a +6 ring of intelligence (left claw)
Scrolls
 d - 2 scrolls of immolation
 e - a scroll of amnesia
 f - a scroll of teleportation
 i - 3 scrolls of identify
Potions
 b - a potion of resistance


   Skills:
 + Level 2.5 Fighting
 - Level 1.8 Dodging
 - Level 1.8 Stealth
 + Level 4.7 Unarmed Combat
 - Level 2.0 Spellcasting
 - Level 2.0 Conjurations
 - Level 2.7 Air Magic


You had 8 spell levels left.
You knew the following spells:

 Your Spells              Type           Power      Damage    Failure   Level
a - Shock                 Conj/Air       48%        1d6       5%          1

Your spell library contained the following spells:

 Spells                   Type           Power      Damage    Failure   Level
 Magic Dart               Conj           44%        1d5       6%          1
 Static Discharge         Conj/Air       24%        3-5/arc   8%          2
 Slow                     Hex            8%         N/A       14%         1
 Swiftness                Air            14%        N/A       14%         3
 Call Imp                 Summ           2%         N/A       21%         2
 Mephitic Cloud           Conj/Pois/Air  9%         N/A       22%         3
 Confusing Touch          Hex            2%         N/A       38%         3
 Vampiric Draining        Necr           2%         2d6       38%         3
 Airstrike                Air            7%         2d(1-17)  41%         4


Dungeon Overview and Level Annotations

Branches:
Dungeon (5/15)
 Temple: D:4-7

Altars:
Ashenzari
Hepliaklqana
Okawaru
Yredelemnul

Shops:
D:4 **

Annotations:
D:5 Ijyb


Innate Abilities, Weirdness & Mutations

You have sharp fingernails.
You have a pair of small horns on your head.


Message History

A jelly comes into view.
The white imp hits you. The white imp freezes you.
The jelly quivers.
You scratch the white imp but do no damage.
Your headbutt misses the white imp. The white imp closely misses you.
You closely miss the white imp.
You headbutt the white imp, but do no damage.
The white imp barely misses you.
You scratch the white imp.
The white imp is lightly wounded.
The white imp hits you but does no damage.
You barely miss the white imp.
The white imp is lightly wounded.
The jelly hits you. The acid corrodes you!
You are splashed with acid!
The white imp hits you. The white imp freezes you.
You are too injured to fight recklessly!
You are too injured to fight recklessly!
The jelly attacks as you move away! The jelly hits you.
You are splashed with acid!
The jelly attacks as you move away! The jelly hits you. The acid corrodes you!
You are splashed with acid!
* * * LOW HITPOINT WARNING * * *
Okay, then.
As you read the scroll labelled FAYPRI WOEWE, it crumbles to dust.
The scroll dissolves into smoke.
It was a scroll of fog.
The jelly jiggles.
The jelly barely misses you. The white imp gestures at you.
The puff of frost hits you!
* * * LOW HITPOINT WARNING * * *
You feel better. The jelly hits you.
* * * LOW HITPOINT WARNING * * *
You are splashed with acid!
* * * LOW HITPOINT WARNING * * *
The white imp barely misses you. The white imp attacks as you move away!
The white imp completely misses you. The white imp attacks as you move away!
The white imp hits you.
* * * LOW HITPOINT WARNING * * *
The white imp freezes you.
You die...

#...#.#.### ...
+......... #..
#...#.#.# #..
#.......# #.#
#.......# #.#
#.......# #.#
#§§§....#
#.####J§§....#
#..§§@5§§..#....
#.########## ...
#.# # #######.##
.........#
.........#
########.# #.#
#.#


You could see a jelly and a white imp.

Vanquished Creatures
  Menkaure (D:3)
  An orc priest (D:4)
  Robin (D:3)
  6 adders
  A worm (D:2)
  2 dart slugs
  9 orcs
  8 endoplasms
  3 giant cockroaches
  15 goblins
  14 hobgoblins
  4 jackals (D:2)
  11 kobolds
  3 quokkas
  5 ball pythons
  5 bats
  2 frilled lizards (D:1)
  6 rats
97 creatures vanquished.

Notes
Turn   | Place    | Note
-------+----------+-------------------------------------------
     0 | D:1      | frimble the Demonspawn Air Elementalist began the quest for
                  | the Orb.
     0 | D:1      | Reached XP level 1. HP: 13/13 MP: 3/3
   533 | D:1      | Discovered your monstrous ancestry.
   533 | D:1      | Gained mutation: You have sharp fingernails. [demonic
                  | ancestry]
   533 | D:1      | Reached XP level 2. HP: 13/19 MP: 3/5
  1269 | D:1      | Reached skill level 1 in Unarmed Combat
  2193 | D:2      | Found a basalt altar of Yredelemnul.
  2200 | D:2      | You fall into a shaft and drop 2 floors!
  2208 | D:4      | Reached XP level 3. HP: 21/24 MP: 2/6
  2329 | D:4      | Reached skill level 2 in Unarmed Combat
  2331 | D:4      | Reached XP level 4. HP: 24/30 MP: 1/7
  2577 | D:2      | Reached skill level 3 in Unarmed Combat
  2813 | D:2      | Found a faded altar of an unknown god.
  3269 | D:2      | Reached XP level 5. HP: 35/35 MP: 8/8
  3385 | D:3      | Found a hazy altar of Hepliaklqana.
  3488 | D:3      | Found an iron altar of Okawaru.
  3499 | D:3      | Found a broken altar of Ashenzari.
  3974 | D:4      | Noticed Robin
  3974 | D:4      | Noticed Menkaure
  4046 | D:3      | Reached skill level 4 in Unarmed Combat
  4076 | D:3      | Killed Robin
  4077 | D:3      | Reached skill level 1 in Fighting
  4175 | D:3      | Killed Menkaure
  4176 | D:3      | Gained mutation: You have a pair of small horns on your
                  | head. [demonic ancestry]
  4176 | D:3      | Reached XP level 6. HP: 14/45 MP: 6/9
  4234 | D:4      | Found Zin's Purification Station.
  4493 | D:4      | Found Giotaih's Elemental Accessories.
  4546 | D:5      | Entered Level 5 of the Dungeon
  4548 | D:5      | Noticed Ijyb
  4642 | D:5      | HP: 2/46 [white imp/puff of frost (7)]
  4645 | D:5      | Slain by a white imp

Illustrated notes

Levels and vault maps discovered:
D:1:      psy_arrival_radial02, layout_basic, minmay_tromino_v2
D:2:      minmay_razor_zed, layout_rooms, basic_altar,
          nicolae_ecumenical_oubliette, grunt_ministairs_9
D:3:      minmay_door_path, layout_loops_ring, grunt_temple_overflow_open,
          mainiacjoe_overflow_small_starburst
D:4:      layout_rooms, zin_purify, nicolae_elemental_shop, uniq_robin,
          uniq_menkaure
D:5:      layout_basic, minmay_temple_entry_enclosed_plants,
          minmay_misc_feat_room, chequers_garden, uniq_ijyb,
          uniq_prince_ribbit1, uniq_pikel

Skill      XL: |  1  2  3  4  5 |
---------------+----------------+-----
Unarmed Combat | 1 2 3 4 |  4.7
Conjurations   | 2 |  2.0
Fighting       | 2 |  2.5
Dodging        | |  1.8
Stealth        | |  1.8
Spellcasting   | |  2.0
Air Magic      | |  2.7

Action                   |  1- 3 |  4- 6 || total
-------------------------+-------+-------++-------
Melee: Unarmed           |    65 |   142 ||   207
       Punch             |       |     6 ||     6
       Headbutt          |       |     4 ||     4
 Cast: Shock             |    37 |    28 ||    65
  Use: Potion            |     3 |     4 ||     7
       Scroll            |       |     9 ||     9
 Stab: Sleeping          |     4 |     6 ||    10
Armor: Robe              |     6 |    36 ||    42
       Skin              |     1 |       ||     1
Dodge: Dodged            |    39 |   122 ||   161

Table legend: (Time is in decaauts)
 A = Elapsed time spent in this place.
 B = Non-inter-level travel time spent in this place.
 C = Inter-level travel time spent in this place.
 D = Time resting spent in this place.
 E = Time spent auto-exploring this place.
 F = Levels seen in this place.
 G = Mean time per level.
                   A        B        C        D        E       F      G
               +--------+--------+--------+--------+--------+-----+--------+
         Total |   4623 |   4436 |    187 |      0 |   3662 |   5 |  924.6 |
       Dungeon |   4623 |   4436 |    187 |      0 |   3662 |   5 |  924.6 |
               +--------+--------+--------+--------+--------+-----+--------+

Top non-repeatable levels by time:
     D:1: 2199 daAuts
     D:3: 903 daAuts
     D:2: 883 daAuts
     D:4: 554 daAuts
     D:5: 83 daAuts
